 Dungeon Crawl Stone Soup version 0.24.1-14-gf8d2b509d9 (webtiles) character file.

Game seed: 3073444513107565333, levelgen mode: deterministic

10192 Curus the Bludgeoner (level 11, -1/141 HPs)
             Began as a Minotaur Berserker on May 17, 2020.
             Was a High Priest of Trog.
             Slain by a porcupine (9 damage)
             ... on level 2 of the Lair of Beasts.
             The game lasted 00:49:24 (8762 turns).

Curus the Bludgeoner (Minotaur Berserker)           Turns: 8762, Time: 00:49:25

Health: -1/141     AC: 15    Str: 30    XL:     11   Next: 32%
Magic:  10/10      EV:  8    Int:  7    God:    Trog [*****.]
Gold:   304        SH:  0    Dex:  9    Spells: 10/10 levels left

rFire    + + .     SeeInvis +   r - +5 great mace "Baddif" {drain, rF+ rC+ Str+2 SInv}
rCold    + + .     Gourm    .   (shield currently unavailable)
rNeg     . . .     Faith    +   y - +0 plate armour
rPois    .         Spirit   .   (helmet restricted)
rElec    .         Reflect  .   j - scarf {rC+ rF+}
rCorr    .         Harm     .   i - +1 pair of gloves
MR       +....                  (no boots)
Stlth    ..........             w - amulet of faith
HPRegen  0.33/turn              e - ring of protection from magic
MPRegen  0.12/turn              (no ring)

@: berserking (expiring), very quick
A: retaliatory headbutt, horns 2
a: Berserk, Trog's Hand, Brothers in Arms, Renounce Religion


You were on level 2 of the Lair of Beasts.
You worshipped Trog.
Trog was extremely pleased with you.
You were hungry.

You visited 2 branches of the dungeon, and saw 13 of its levels.

You collected 551 gold pieces.
You spent 247 gold pieces at shops.

Inventory:

Hand Weapons
 a - a +0 mace
 h - a +0 flail
 o - a +1 flail of draining
 r - the +5 great mace "Baddif" (weapon) {drain, rF+ rC+ Str+2 SInv}
   (You took it off an ogre on level 3 of the Dungeon)

   A truly terrible weapon, it drains the life of those it strikes.
   It affects your strength (+2).
   It protects you from fire.
   It protects you from cold.
   It lets you see invisible.
Armour
 b - a +0 animal skin
 d - a +4 ring mail
 i - a +1 pair of gloves (worn)
 j - a scarf of resistance (worn)
 k - a +1 chain mail
 y - a +0 plate armour (worn)
Jewellery
 e - a ring of protection from magic (left hand)
 m - a -2 ring of dexterity
 w - an amulet of faith (around neck)
 x - an uncursed amulet of rage
 A - an uncursed ring of fire
 B - an uncursed ring of see invisible
Wands
 g - a wand of digging (2)
 l - a wand of iceblast (3)
 D - a wand of disintegration (25)
Scrolls
 f - 7 scrolls of identify
 t - 5 scrolls of remove curse
 C - 2 scrolls of teleportation
 E - a scroll of fog
Potions
 n - 5 potions of brilliance
 p - 2 potions of curing
 q - 3 potions of haste
 s - a potion of berserk rage
 u - a potion of might
 v - a potion of heal wounds
 z - a potion of flight
 G - a potion of agility
Comestibles
 c - 24 rations
 F - 4 chunks of flesh


   Skills:
 + Level 7.8 Fighting
 - Level 17.8 Maces & Flails
 + Level 7.3 Armour
 - Level 2.1 Dodging


You had 10 spell levels left.
You didn't know any spells.
Your spell library was empty.

Dungeon Overview and Level Annotations

Branches:
Dungeon (11/15)            Temple (0/1) D:6            Lair (2/6) D:8
    Orc (0/2) D:9
  Swamp: Lair:2-4    Shoals: Lair:2-4     Snake: Lair:2-4    Spider: Lair:2-4

Altars:
Ashenzari
Cheibriados
Dithmenos
Fedhas
Gozag
Kikubaaqudgha
Makhleb
Nemelex Xobeh
Sif Muna
Trog
Xom
Yredelemnul
Beogh
Jiyva

Shops:
D:5 !

Annotations:
D:4 1 runed translucent door, Thomus's ghost, novice DECj


Innate Abilities, Weirdness & Mutations

You reflexively headbutt those who attack you in melee.
You have a pair of horns on your head.


Message History

* * * LOW HITPOINT WARNING * * *
The yak gores you but does no damage.
You sock the yak! You drain the yak.
The yak is almost dead.
The yak gores you but does no damage.
The porcupine bites you but does no damage.
You bludgeon the yak!!
You kill the yak!
Trog accepts your kill. The yak gores you but does no damage.
The yak barely misses you.
You sock the yak!
You kill the yak!
Trog accepts your kill. The porcupine bites you!
* * * LOW HITPOINT WARNING * * *
You closely miss the porcupine.
The yak gores you but does no damage. x2
You barely miss the porcupine. You headbutt the porcupine!
The porcupine is almost dead.
The porcupine bites you!
You die...

## ###. .# #.....
###.... .## #.....
#####.......
..####....###(..YY......
...#......##....@.......
....#..........r††<.....
.....................###
#................(.P.#
##.............#######
##.....†..#.###
##......#.###
#........###
#............


You could see 2 yaks and a porcupine.

Vanquished Creatures
  A hydra (Lair:1)
  The ghost of Condegh the Spear-Bearer, a novice MfGl of Okawaru (D:7)
  3 spiny frogs (Lair:1)
  A rime drake (Lair:1)
  A komodo dragon (Lair:2)
  A hippogriff (Lair:1)
  4 yaks (Lair:2)
  4 hogs (D:7)
  A human (D:7)
  A hungry ghost (D:10)
  A basilisk (Lair:1)
  3 water moccasins (Lair:1)
  A porcupine (Lair:2)
  An ice beast (D:8)
  9 orc warriors
  5 ogres
  A phantom (D:4)
  3 sky beasts
  The ghost of Gabide the Poker, an amateur HuGl (D:3)
  3 centaurs
  4 crocodiles
  A big kobold (D:10)
  11 bullfrogs
  3 scorpions
  A wyvern skeleton (D:11)
  5 wights (D:8)
  3 electric eels (Lair:1)
  5 jellies
  A howler monkey (D:4)
  A bullfrog zombie (D:7)
  A quasit (D:8)
  4 crimson imps
  2 centaur zombies
  2 hounds
  11 orc wizards
  4 bullfrog skeletons
  A gnoll shaman (D:4)
  8 orc priests
  Terence (D:2)
  An iguana (D:6)
  8 worker ants
  A spectral killer bee (D:7)
  A killer bee zombie (D:9)
  A hound skeleton (D:5)
  Robin (D:2)
  A howler monkey skeleton (D:7)
  20 gnolls
  9 adders
  3 adder skeletons
  A worm (D:2)
  A dart slug (D:1)
  5 leopard geckos
  59 orcs
  3 ball pythons
  5 bats
  8 giant cockroaches
  10 hobgoblins
  13 jackals
  9 kobolds
  7 quokkas
  5 frilled lizards
  12 goblins
  A jackal skeleton (D:8)
  2 leopard gecko skeletons (D:4)
  A quokka skeleton (D:4)
  A quokka zombie (D:5)
  11 rats
315 creatures vanquished.

Vanquished Creatures (others)
  A plant (Lair:2)
1 creature vanquished.

Grand Total: 316 creatures vanquished

Notes
Turn   | Place    | Note
-------+----------+-------------------------------------------
     0 | D:1      | Curus the Minotaur Berserker began the quest for the Orb.
     0 | D:1      | Reached XP level 1. HP: 19/19 MP: 0/0
    39 | D:1      | Reached skill level 4 in Maces & Flails
   304 | D:1      | Reached XP level 2. HP: 23/26 MP: 1/1
   683 | D:1      | Gained mutation: Your spells are a little easier to cast,
                  | but a little less powerful. [potion of mutation]
   683 | D:1      | Lost mutation: Your spells are a little easier to cast, but
                  | a little less powerful. [potion of mutation]
   779 | D:2      | Noticed Terence
   788 | D:2      | Reached skill level 5 in Maces & Flails
   788 | D:2      | Reached XP level 3. HP: 22/31 MP: 2/2
   791 | D:2      | Killed Terence
   792 | D:2      | Reached ** piety under Trog
   800 | D:2      | You fall into a shaft and drop 1 floor!
   824 | D:2      | Reached skill level 6 in Maces & Flails
   824 | D:2      | Reached XP level 4. HP: 9/39 MP: 3/3
  1304 | D:2      | Noticed Robin
  1329 | D:2      | Killed Robin
  1502 | D:2      | Reached skill level 7 in Maces & Flails
  1502 | D:2      | Reached XP level 5. HP: 7/45 MP: 4/4
  1860 | D:3      | Reached skill level 8 in Maces & Flails
  2249 | D:3      | Noticed an ogre
  2249 | D:3      | Identified the +5 great mace "Baddif" {drain, rF+ rC+ Str+2
                  | SInv}
  2249 | D:3      | Noticed an ogre
  2250 | D:3      | Found a transporter.
  2250 | D:3      | Noticed Gabide's ghost (amateur HuGl)
  2255 | D:3      | Reached XP level 6. HP: 49/51 MP: 5/5
  2276 | D:3      | Found a transporter.
  2631 | D:3      | Reached *** piety under Trog
  2634 | D:3      | Killed Gabide's ghost
  2634 | D:3      | Reached skill level 9 in Maces & Flails
  2636 | D:3      | Reached XP level 7. HP: 57/57 MP: 6/6
  2688 | D:4      | Reached skill level 10 in Maces & Flails
  2917 | D:4      | Reached skill level 11 in Maces & Flails
  3082 | D:4      | Reached **** piety under Trog
  3083 | D:4      | Reached XP level 8. HP: 56/64 MP: 7/7
  3091 | D:4      | Found a runed translucent door.
  3094 | D:4      | Noticed Thomus's ghost (novice DECj)
  3423 | D:4      | Found a basalt altar of Yredelemnul.
  3621 | D:5      | Entered Level 5 of the Dungeon
  3640 | D:5      | Reached skill level 12 in Maces & Flails
  3683 | D:5      | Found a shimmering altar of Xom.
  3734 | D:5      | Found Sotet's Distillery.
  3750 | D:5      | Bought a potion of might for 52 gold pieces
  3750 | D:5      | Bought a potion of heal wounds for 65 gold pieces
  3750 | D:5      | Bought a potion of haste for 130 gold pieces
  3811 | D:5      | Found an opulent altar of Gozag.
  3975 | D:5      | Found a bloodstained altar of Trog.
  3992 | D:5      | Found a shattered altar of Ashenzari.
  4129 | D:5      | Received a gift from Trog
  4294 | D:5      | Found a shimmering blue altar of Sif Muna.
  4444 | D:6      | Found an ancient bone altar of Kikubaaqudgha.
  4503 | D:6      | Reached skill level 13 in Maces & Flails
  4505 | D:6      | Identified the Grimoire of the Voyage
  4535 | D:6      | Found a staircase to the Ecumenical Temple.
  4741 | D:6      | Reached XP level 9. HP: 70/70 MP: 8/8
  4848 | D:6      | Found a sparkling altar of Nemelex Xobeh.
  5135 | D:7      | Reached skill level 14 in Maces & Flails
  5282 | D:7      | Found a runed translucent gate.
  5282 | D:7      | Found a runed translucent gate.
  5283 | D:7      | Found a runed translucent gate.
  5283 | D:7      | Noticed Condegh's ghost (novice MfGl)
  5300 | D:7      | Killed Condegh's ghost
  5300 | D:7      | Reached skill level 15 in Maces & Flails
  5352 | D:7      | Reached ***** piety under Trog
  5830 | D:7      | Reached skill level 16 in Maces & Flails
  6053 | D:7      | Reached XP level 10. HP: 77/77 MP: 9/9
  6055 | D:7      | Found a shadowy altar of Dithmenos.
  6058 | D:7      | Found a blossoming altar of Fedhas.
  6061 | D:7      | Found a burning altar of Makhleb.
  6075 | D:7      | Found a snail-covered altar of Cheibriados.
  6306 | D:8      | You fall into a shaft and drop 3 floors!
  6336 | D:10     | Entered Level 10 of the Dungeon
  6382 | D:9      | Found a roughly hewn altar of Beogh.
  6382 | D:9      | Found a staircase to the Orcish Mines.
  6394 | D:9      | Reached skill level 17 in Maces & Flails
  6419 | D:9      | Received a gift from Trog
  6535 | D:8      | Found a viscous altar of Jiyva.
  6956 | D:8      | Found a staircase to the Lair.
  6975 | Lair:1   | Entered Level 1 of the Lair of Beasts
  7048 | Lair:1   | Noticed a spiny frog
  7054 | Lair:1   | Killed a spiny frog
  7060 | Lair:1   | Reached skill level 5 in Fighting
  7358 | Lair:1   | Reached skill level 5 in Armour
  7606 | Lair:1   | Noticed a six-headed hydra
  7607 | Lair:1   | Noticed a spiny frog
  7615 | Lair:1   | Killed a six-headed hydra
  7615 | Lair:1   | Reached XP level 11. HP: 34/89 MP: 10/10
  7969 | Lair:1   | HP: 3/91 [electric eel/bolt of electricity (11)]
  8760 | Lair:2   | HP: 7/141 [porcupine (7)]
  8762 | Lair:2   | Slain by a porcupine

Levels and vault maps discovered:
D:1:      dpeg_arrival_boxes_within_box, layout_basic, nrook_mini_vaults,
          minmay_liquid_box, st_stairs_6
D:2:      layout_basic, uniq_terence, uniq_robin
D:3:      layout_rooms, gammafunk_ghost_smash
D:4:      layout_basic, kennysheep_little_box, serial_corexii_hall,
          corexii_hall_statues_deadend, corexii_hall_statues_deadend,
          first_ration, ebering_ghost_inner_flame, minmay_misc_feat_chi,
          grunt_ministairs_6
D:5:      layout_rooms, kennysheep_mini, overflow_temple_1_default,
          grunt_temple_overflow_open, basic_altar, serial_shops, shop,
          serial_rivers, chequers_serial_rivers_large_a,
          chequers_serial_rivers_micro_b, chequers_serial_rivers_micro_b,
          chequers_serial_rivers_micro_d, chequers_serial_rivers_room_b,
          chequers_serial_rivers_large_b
D:6:      layout_loops_ring, nemelex_xobeh_ov_fountains_minmay,
          nicolae_overflow_crystal_walls, temple_doors_e,
          kennysheep_small_spiral
D:7:      layout_loops_ring, grunt_temple_overflow_cloverleaf,
          gammafunk_ghost_necromancy, grunt_livestock
D:8:      minmay_klotski, layout_cave_pods, nicolae_overflow_hidden_temple,
          jiyva_altar_1
D:9:      minmay_thinvault, layout_loops_ring, david_orc_5, serial_rivers,
          chequers_serial_rivers_micro_c, chequers_serial_rivers_small_a,
          chequers_serial_rivers_small_a, chequers_serial_rivers_small_b,
          chequers_serial_rivers_micro_d
D:10:     layout_gridville
D:11:     layout_basic
Lair:1:   layout_long_grid, nicolae_quartered_pool_medium,
          chequers_serial_rivers_micro_b, lemuel_fruit_tree, grunt_megastairs_3
Lair:2:   layout_hall_layers, serial_bayou_shore_b

Skill      XL: |  1  2  3  4  5  6  7  8  9 10 11 |
---------------+----------------------------------+-----
Maces & Flails | 4 5 6 7 8 9 11 13 16 17 | 17.8
Fighting       | 6 7 |  7.8
Armour         | 5 7 |  7.3
Dodging        | |  2.1

Action                   |  1- 3 |  4- 6 |  7- 9 | 10-12 || total
-------------------------+-------+-------+-------+-------++-------
Melee: Mace              |    54 |    78 |       |       ||   132
       Headbutt          |     7 |    13 |    32 |    35 ||    87
       Flail             |       |    77 |       |       ||    77
       Great mace        |       |       |   282 |   220 ||   502
Invok: Berserk           |     1 |     4 |     1 |     4 ||    10
       Trog's Hand       |       |     3 |       |     1 ||     4
Evoke: Wand              |       |       |       |     3 ||     3
  Use: Potion            |     2 |     4 |     3 |     2 ||    11
       Scroll            |     1 |     4 |     6 |     3 ||    14
  Eat: Chunk             |     1 |     9 |    10 |     7 ||    27
       Ration            |       |       |     1 |     3 ||     4
Armor: Ring mail         |    25 |    32 |       |       ||    57
       Chain mail        |       |    67 |   107 |       ||   174
       Plate armour      |       |       |    66 |   111 ||   177
Dodge: Dodged            |    44 |   102 |    97 |    79 ||   322
